 Dungeon Crawl Stone Soup version 0.20.1-1-g8b1a95d (webtiles) character file.

248 Starchild the Chiller (level 6, -1/41 HPs)
             Began as a Merfolk Ice Elementalist on Aug 6, 2017.
             Slain by a gnoll
             ... wielding a +0 flail
              (10 damage)
             ... on level 3 of the Dungeon.
             The game lasted 00:10:54 (3032 turns).

Starchild the Chiller (Merfolk Ice Elementalist)    Turns: 3032, Time: 00:10:55

Health: -1/41      AC: 10    Str:  8    XL:     6   Next: 12%
Magic:  0/9        EV: 13    Int: 17    God:
Gold:   156        SH:  0    Dex: 14    Spells: 3/9 levels left

rFire    . . .     SeeInvis .   f - +0 spear
rCold    . . .     Gourm    .   (no shield)
rNeg     . . .     Faith    .   a - +0 robe
rPois    .         Spirit   .   (no helmet)
rElec    .         Reflect  .   (no cloak)
rCorr    .         Harm     .   e - +1 pair of gloves
MR       .....                  (no boots)
Stlth    ++........             (no amulet)
Regen    0.2/turn               m - ring of flight
MPRegen  0.2/turn               (no ring)

@: icy armour, slow
A: change form in water, swift swim, stealthy swim
a: Evoke Flight


You were on level 3 of the Dungeon.
You were hungry.

You visited 1 branch of the dungeon, and saw 3 of its levels.

You collected 156 gold pieces.

Inventory:

Hand Weapons
 f - a +0 spear (weapon)
Missiles
 g - 102 stones
 h - 4 tomahawks (quivered)
Armour
 a - a +0 robe (worn)
 e - a +1 pair of gloves (worn)
Jewellery
 m - a ring of flight (left hand)
Wands
 v - a wand of scattershot (2/9)
Scrolls
 d - 2 scrolls of identify {unknown}
 i - a scroll of enchant armour {unknown}
 l - a scroll of blinking {unknown}
 n - 2 scrolls of remove curse {unknown}
 o - a scroll of amnesia {unknown}
 r - a scroll of enchant weapon {unknown}
 u - a scroll of immolation {unknown}
 w - a scroll of random uselessness {unknown}
Potions
 k - a potion of heal wounds {unknown}
 p - 2 potions of ambrosia {unknown}
 q - a potion of flight {unknown}
Books
 b - a book of Frost

   Spells                             Type                      Level
   a - Freeze                         Ice                          1
   b - Throw Frost                    Conjuration/Ice              2
   c - Ozocubu's Armour               Charms/Ice                   3
   d - Throw Icicle                   Conjuration/Ice              4
   e - Summon Ice Beast               Ice/Summoning                4
Comestibles
 c - 2 bread rations
 j - 2 meat rations
 s - a royal jelly
 t - 2 fruits
 x - a chunk of flesh


   Skills:
 - Level 2.6 Dodging
 - Level 2.1 Stealth
 - Level 2.0 Spellcasting
 - Level 0.7 Conjurations
 + Level 5.0 Charms
 - Level 5.0 Ice Magic


You had 3 spell levels left.
You knew the following spells:

 Your Spells              Type           Power        Failure   Level  Hunger
a - Freeze                Ice            ###.         2%          1    #......
b - Throw Frost           Conj/Ice       ##....       9%          2    ###....
c - Ozocubu's Armour      Chrm/Ice       ###.....     8%          3    ###....


Dungeon Overview and Level Annotations

Branches:
Dungeon (3/15)

Altars:
Fedhas
Makhleb
Qazlal
Xom


Message History

Aiming: Freeze
Press: ? - help, Shift-Dir - straight line, f - gnoll
Aim: a gnoll, wielding a flail (moderately wounded)
You freeze the gnoll.
The gnoll is severely wounded.
The gnoll closely misses you. The gnoll closely misses you.
There is an open door here.
You are feeling hungry.
The gnoll closely misses you.
You see here a chain mail.
Casting: Freeze
Confirm with . or Enter, or press ? or * to list all spells.
Aiming: Freeze
Press: ? - help, Shift-Dir - straight line, f/p - gnoll
Aim: a gnoll, wielding a flail (severely wounded)
You freeze the gnoll.
The gnoll is almost dead.
The gnoll hits you with a flail!
You die...

#.....#....#.#)####.# #
..........#+#......# #
.......#...........# ..
..##...............# ..
##.#######..........###
... ..................
#.#######...............
#)#.....#...............
#S#.###.#.g@............
#.#.###'#S............##
#........[รท............
###.#....o########.....
#.#........... ....
#.#........... ..
#.#...........
#.#........>..
#.#.#.......##


You could see a gnoll, an adder and an orc.

Vanquished Creatures
  An ice beast (D:3)
  3 gnolls (D:3)
  6 adders
  3 dart slugs (D:1)
  A leopard gecko (D:1)
  An orc (D:3)
  A ball python (D:2)
  4 giant cockroaches
  4 goblins
  7 hobgoblins
  6 jackals (D:1)
  6 kobolds
  2 quokkas (D:2)
  8 bats
  3 frilled lizards (D:2)
  9 rats
65 creatures vanquished.

Notes
Turn   | Place    | Note
-------+----------+-------------------------------------------
     0 | D:1      | Starchild the Merfolk Ice Elementalist began the quest for the Orb.
     0 | D:1      | Reached XP level 1. HP: 13/13 MP: 3/3
   399 | D:1      | Reached XP level 2. HP: 19/19 MP: 5/5
   404 | D:1      | Learned a level 2 spell: Throw Frost
   488 | D:1      | Reached XP level 3. HP: 12/24 MP: 0/6
   495 | D:1      | Learned a level 3 spell: Ozocubu's Armour
  1165 | D:2      | Reached skill level 5 in Ice Magic
  1406 | D:2      | Found a burning altar of Makhleb.
  1468 | D:2      | Reached skill level 1 in Charms
  1468 | D:2      | Reached XP level 4. HP: 23/30 MP: 0/7
  1671 | D:2      | HP: 1/30 [poisoned by an adder]
  2077 | D:2      | Found a stormy altar of Qazlal.
  2079 | D:2      | Noticed a fire elemental
  2080 | D:2      | Noticed a water elemental
  2080 | D:2      | Noticed an earth elemental
  2080 | D:2      | Noticed an air elemental
  2455 | D:3      | Noticed an ice beast
  2529 | D:3      | Found a shimmering altar of Xom.
  2531 | D:3      | Found a shimmering altar of Xom.
  2531 | D:3      | Found a shimmering altar of Xom.
  2533 | D:3      | Found a shimmering altar of Xom.
  2540 | D:3      | Found a shimmering altar of Xom.
  2608 | D:3      | Found a blossoming altar of Fedhas.
  2678 | D:3      | Reached XP level 5. HP: 31/35 MP: 3/8
  2770 | D:3      | Killed an ice beast
  3005 | D:3      | Reached XP level 6. HP: 41/41 MP: 2/9
  3012 | D:3      | Reached skill level 5 in Charms
  3032 | D:3      | Slain by a gnoll

Skill      XL: |  1  2  3  4  5  6 |
---------------+-------------------+-----
Ice Magic      | 4 5 |  5.0
Charms         | 1 3 4 5 |  5.0
Dodging        | |  2.6
Stealth        | |  2.1
Spellcasting   | |  2.0
Conjurations   | |  0.7

Action                   |  1- 3 |  4- 6 || total
-------------------------+-------+-------++-------
Melee: Spear             |   136 |   101 ||   237
 Cast: Freeze            |    22 |    16 ||    38
       Throw Frost       |    10 |     4 ||    14
       Ozocubu's Armour  |       |     4 ||     4
Evoke: Wand              |       |     1 ||     1
 Stab: Sleeping          |     6 |     3 ||     9
  Eat: Chunk             |     3 |     6 ||     9
Armor: Robe              |    52 |    37 ||    89
Dodge: Dodged            |    93 |    87 ||   180
